[Event "FIDE Women World Blitz 2021"]
[Site "Warsaw"]
[Date "2021.12.29"]
[Round "9.27"]
[White "Dworakowska, Joanna"]
[Black "Kovanova, Baira"]
[Result "0-1"]
[ECO "C50"]
[WhiteElo "2228"]
[BlackElo "2331"]
[Annotator "NA"]
[PlyCount "120"]
[EventDate "2021.12.29"]
[EventType "swiss"]
[EventCountry "POL"]
[Tiebreak "Cut1 Buchholz"]
[SourceTitle "playchess.com"]
[Source "ChessBase"]
[SourceQuality "1"]
[TimeControl "180+2"]

1. e4 e5 2. Nf3 Nc6 3. Bc4 Nf6 4. d3 Bc5 5. a3 a5 6. Nc3 h6 7. Ba2 d6 8. Be3 Ba7 9. Qd2 Be6 10. Nd5 Bxd5 11. exd5 Ne7 12. c4 Nf5 13. Bxa7 Rxa7 14. O-O O-O 15. d4 e4 16. Ne1 Re8 17. Nc2 Ra8 18. Rae1 Nh5 19. Bb1 Qh4 20. Re2 Nf4 21. Ree1 Qg5 22. Ne3 Nxg2 23. Kh1 Ngh4 24. Rg1 Qf4 25. Rg3 Nxg3+ 26. fxg3 Qf3+ 27. Kg1 Nf5 28. Nxf5
Qxf5 29. Qe3 Qf3 30. Qd2 e3 31. Qe2 Qxe2 32. Rxe2 Re7 33. Kg2 Rae8 34. Kf3 g6 35. Bd3 Kg7 36. Rc2 f5 37. c5 Kf6 38. c6 bxc6 39. dxc6 g5 40. b4 axb4 41. axb4 Ra8 42. b5 Ra3 43. Be2 Rb3 44. Ra2 Rb4 45. Ra7 g4+ 46. Kg2 Rb2 47.
Kf1 Rb1+ 48. Kg2 Re1 49. Bd3 e2 50. b6 Rg1+ 51. Kxg1 e1=Q+ 52. Bf1 Qe3+ 53. Kh1 cxb6 54. c7 Qc3 55. d5 Rxc7 56. Ra8 Qf3+ 57. Kg1 Rc1 58. Rf8+ Ke7 59. Rxf5 Qxf5 60. Kg2 Qxf1# 0-1

[Event "FIDE Women World Blitz 2021"]
[Site "Warsaw"]
[Date "2021.12.29"]
[Round "9.28"]
[White "Rakhmangulova, Anastasiya"]
[Black "Efimenko, Maria"]
[Result "1/2-1/2"]
[ECO "B06"]
[WhiteElo "2174"]
[BlackElo "2207"]
[Annotator "NA"]
[PlyCount "81"]
[EventDate "2021.12.29"]
[EventType "swiss"]
[EventCountry "POL"]
[Tiebreak "Cut1 Buchholz"]
[SourceTitle "playchess.com"]
[Source "ChessBase"]
[SourceQuality "1"]
[TimeControl "180+2"]

1. e4 g6 2. Nc3 Bg7 3. g3 d6 4. Bg2 e5 5. Nge2 Ne7 6. O-O O-O 7. d3 c6 8. h3 Be6 9. Be3 f5 10. Qd2 Nd7 11. exf5 Nxf5 12. Bg5 Bf6 13. Ne4 Bxg5 14. Nxg5 Qe7 15. Nxe6 Qxe6 16. a4 Rf7 17. Rae1 Raf8 18. d4 Qf6 19. d5 c5 20. Nc3 Nd4 21. Ne4 Qe7 22. Re3 h6 23. c3 Nf5 24. Ree1 Kg7 25. f4 Qd8 26. Rf2 exf4 27. Rxf4 Ne5 28. Ref1 Nc4 29. Qe2 Nce3 30. R1f2 Nxd5 31. R4f3 Nf6 32. Nxf6 Rxf6 33. g4 Nh4 34. Rxf6 Rxf6 35. Rxf6 Qxf6 36. Bxb7 Qg5 37. Bd5 Qxd5 38. Qe7+ Kg8 39. Qd8+ Kg7 40. Qe7+ Kg8 41. Qd8+ 1/2-1/2

[Event "FIDE Women World Blitz 2021"]
[Site "Warsaw"]
[Date "2021.12.29"]
[Round "9.29"]
[White "Lach, Aleksandra"]
[Black "Antolak, Julia"]
[Result "1-0"]
[ECO "B24"]
[WhiteElo "2204"]
[BlackElo "2334"]
[Annotator "NA"]
[PlyCount "59"]
[EventDate "2021.12.29"]
[EventType "swiss"]
[EventCountry "POL"]
[Tiebreak "Cut1 Buchholz"]
[SourceTitle "playchess.com"]
[Source "ChessBase"]
[SourceQuality "1"]
[TimeControl "180+2"]

1. e4 c5 2. Nc3 e6 3. Nge2 Nc6 4. g3 d5 5. exd5 exd5 6. d4 cxd4 7. Nxd4 Nf6 8.
Bg2 Be7 9. O-O O-O 10. Bf4 Bg4 11. Qd2 Qd7 12. Rfe1 Rfd8 13. Kh1 Rac8 14. f3 Bh5 15. g4 Bg6 16. Nxc6 bxc6 17. Rad1 Ne8 18. Ne2 Nd6 19. b3 Bf8 20. Ng3 Qb7 21. Be3 Nb5 22. f4 f6 23. f5 Bf7 24. g5 fxg5 25.
Bxg5 Re8 26. f6 Nd6 27. Qf4 Rxe1+ 28. Rxe1 Re8 29. Rf1 g6 30. Bh6 1-0

[Event "FIDE Women World Blitz 2021"]
[Site "Warsaw"]
[Date "2021.12.29"]
[Round "9.30"]
[White "Loskutova, Viktoriya"]
[Black "Nomin-Erdene, Davaademberel"]
[Result "0-1"]
[ECO "B13"]
[WhiteElo "2195"]
[BlackElo "2188"]
[Annotator "NA"]
[PlyCount "90"]
[EventDate "2021.12.29"]
[EventType "swiss"]
[EventCountry "POL"]
[Tiebreak "Cut1 Buchholz"]
[SourceTitle "playchess.com"]
[Source "ChessBase"]
[SourceQuality "1"]
[TimeControl "180+2"]

1. e4 c6 2. d4 d5 3. exd5 cxd5 4. Bd3 Nc6 5. c3 g6 6. Nf3 Bg7 7. O-O Nh6 8. Re1 O-O 9. Nbd2 f6 10. c4 e6 11. Qb3 Nf7 12. Nf1 Na5 13.
Qb4 Nxc4 14. Bxc4 dxc4 15. Qxc4 Bd7 16. Bf4 Rc8 17. Qb3 Qb6 18. Qxb6 axb6 19. Ne3 g5 20. Bg3 f5 21. Be5 Nxe5 22. Nxe5 Bb5 23. Rec1 Rfd8 24. Rxc8 Rxc8 25. a4 Be8 26.
N3c4 Rd8 27. Nxb6 Rxd4 28. Nf3 Rb4 29. a5 Rxb2 30. Rc1 g4 31.
Ng5 Bh6 32. h4 gxh3 33. f4 Rxg2+ 34. Kh1 Bc6 35. Rxc6 bxc6 36. Nxh3 Ra2 37. Nc4 Ra4 38. Ne5 Rxa5 39. Nxc6 Ra4 40. Nd8 Ra6 41. Nb7 Kf8 42. Nc5 Rc6 43. Nd7+ Ke7 44. Ne5 Rc2 45. Nd3 Rc3 0-1

[Event "FIDE Women World Blitz 2021"]
[Site "Warsaw"]
[Date "2021.12.29"]
[Round "9.31"]
[White "Gaboyan, Susanna"]
[Black "Batsiashvili, Nino"]
[Result "0-1"]
[ECO "E01"]
[WhiteElo "2253"]
[BlackElo "2491"]
[Annotator "ChessBase"]
[PlyCount "56"]
[EventDate "2021.12.29"]
[EventType "swiss"]
[EventCountry "POL"]
[Tiebreak "Cut1 Buchholz"]
[SourceTitle "playchess.com"]
[Source "ChessBase"]
[SourceQuality "1"]
[TimeControl "180+2"]

1. Nf3 d5 2. g3 Nf6 3. Bg2 c5 4. O-O Nc6 5. d4 e6 6. c4 cxd4 7. Nxd4 Bc5 8. Nxc6 bxc6 9. Nc3 O-O 10. Bg5 h6 11. Bxf6 Qxf6 12. cxd5 cxd5 13. Nxd5 Qxb2 14. Nf6+ Qxf6 15. Bxa8 Ba6 16.
Bf3 e5 17. Qa4 Bc8 18. Qc6 Qxc6 19. Bxc6 Be6 20. Rac1 Bb6 21. a4 h5 22. Rfd1 g6 23. Bd5 Bg4 24. Bf3 Be6 25. Kg2 Bb3 26. Rd7 Bxa4 27. Rb7 Bb3 28. Rd1 Bxd1 0-1

[Event "FIDE Women World Blitz 2021"]
[Site "Warsaw"]
[Date "2021.12.29"]
[Round "9.32"]
[White "Berend, Elvira"]
[Black "Beydullayeva, Govhar"]
[Result "1/2-1/2"]
[ECO "E15"]
[WhiteElo "2328"]
[BlackElo "2278"]
[Annotator "NA"]
[PlyCount "69"]
[EventDate "2021.12.29"]
[EventType "swiss"]
[EventCountry "POL"]
[Tiebreak "Cut1 Buchholz"]
[SourceTitle "playchess.com"]
[Source "ChessBase"]
[SourceQuality "1"]
[TimeControl "180+2"]

1. d4 Nf6 2. c4 e6 3. Nf3 b6 4. g3 Ba6 5. Qc2 c5 6. Bg2 Bb7 7. d5 exd5 8.
Nh4 Be7 9. Nc3 O-O 10. cxd5 d6 11. O-O g6 12. Bh6 Re8 13. h3 Nbd7 14. Rad1 a6 15. a4 c4 16. Nf3 Rc8 17. Nd4 Nc5 18. Nc6 Bxc6 19. dxc6 Bf8 20. Bg5 Be7 21. Rfe1 Kg7 22. Qd2 Nfe4 23. Bh6+ Kg8 24. Nxe4 Nxe4 25. Bxe4 Bf6 26. Bg2 b5 27. axb5 axb5 28. Qxd6 Qxd6 29. Rxd6 Bxb2 30. Bd5 c3 31. Bb3 Re7 32. Rd7 Rxd7 33. cxd7 Rd8 34. Rd1 Ra8 35. Bg5 1/2-1/2

[Event "FIDE Women World Blitz 2021"]
[Site "Warsaw"]
[Date "2021.12.29"]
[Round "9.33"]
[White "Ovod, Evgenija"]
[Black "Padmini, Rout"]
[Result "0-1"]
[ECO "B06"]
[WhiteElo "2366"]
[BlackElo "2353"]
[Annotator "NA"]
[PlyCount "61"]
[EventDate "2021.12.29"]
[EventType "swiss"]
[EventCountry "POL"]
[Tiebreak "Cut1 Buchholz"]
[SourceTitle "playchess.com"]
[Source "ChessBase"]
[SourceQuality "1"]
[TimeControl "180+2"]

1. e4 c5 2. c3 d5 3. exd5 Qxd5 4. d4 g6 5. Nf3 Bg7 6. Be2 Nf6 7. c4 Qd6 8. dxc5 Qxd1+ 9. Bxd1 Ne4 10. Bc2 Nxc5 11. Na3 Nc6 12. Nb5 O-O 13. Rb1 Nb4 14. Bb3 Bf5 15. Nc3 Bxb1 16. Nxb1 Nbd3+ 17. Ke2 Nxc1+ 18. Rxc1 Bxb2 19. Rc2 Bg7 20. Nbd2 Rfd8 21. Rc1 Rd6 22. Bc2 Bh6 23. Rb1 Rad8 24. Nb3 Na4 25. Kf1 Nc3 26. Rb2 b6 27. g3 a5 28. c5 bxc5 29. Nxc5 Rc6 30. Nb7 Rd5 31. Bb3 0-1

[Event "FIDE Women World Blitz 2021"]
[Site "Warsaw"]
[Date "2021.12.29"]
[Round "9.34"]
[White "Badelka, Olga"]
[Black "Semenova, Elena"]
[Result "1-0"]
[ECO "E40"]
[WhiteElo "2188"]
[BlackElo "2233"]
[Annotator "NA"]
[PlyCount "103"]
[EventDate "2021.12.29"]
[EventType "swiss"]
[EventCountry "POL"]
[Tiebreak "Cut1 Buchholz"]
[SourceTitle "playchess.com"]
[Source "ChessBase"]
[SourceQuality "1"]
[TimeControl "180+2"]

1. d4 Nf6 2. c4 e6 3. Nc3 Bb4 4. e3 c6 5. Nge2 d5 6. a3 Ba5 7. b4 Bc7 8. Ng3 O-O 9. Bb2 Nbd7 10. cxd5 cxd5 11. Bd3 Bd6 12. O-O a6 13. e4 dxe4 14. Ngxe4 Nxe4 15. Nxe4 Be7 16. Nc5 Nf6 17. Qf3 Qd5 18. Qxd5 Nxd5 19. Rfc1 b6 20. Na4 Bd7 21. Nc3 Nxc3 22. Rxc3 b5 23. Rc7 Rfd8 24. Be4 Rab8 25. Rac1 Bd6 26. Ra7 Bc8 27. g3 Kf8 28. d5 e5 29. Rc6 f6 30. Rc1 f5 31. Bf3 Bb7 32. Re1 e4 33. Bg2 Bxd5 34. Rxg7 Bf7 35. Rxh7 Ke7 36. Rh6 Rbc8 37. Bf6+ Kd7 38. Bxd8 Rxd8 39. Rd1 Ke7 40. Bh3 Be6 41. Rh7+ Kf6 42. Ra7 Bb3 43. Rd2 Ke5 44. Rxa6 Rd7 45. Bxf5 Kxf5 46. Rdxd6 Rc7 47. h3 Rc1+ 48. Kh2 Bd1 49. g4+ Ke5 50. Re6+ Kd4 51. Rad6+ Kc3 52. Rxe4 1-0

[Event "FIDE Women World Blitz 2021"]
[Site "Warsaw"]
[Date "2021.12.29"]
[Round "9.35"]
[White "Serikbay, Assel"]
[Black "Paramzina, Anastasya"]
[Result "1-0"]
[ECO "D78"]
[WhiteElo "2237"]
[BlackElo "2260"]
[Annotator "NA"]
[PlyCount "82"]
[EventDate "2021.12.29"]
[EventType "swiss"]
[EventCountry "POL"]
[Tiebreak "Cut1 Buchholz"]
[SourceTitle "playchess.com"]
[Source "ChessBase"]
[SourceQuality "1"]
[TimeControl "180+2"]

1. d4 Nf6 2. c4 g6 3. g3 c6 4. Bg2 d5 5. Nf3 Bg7 6. O-O O-O 7. Nc3 dxc4 8.
a4 Nbd7 9. e3 Qc7 10. Qe2 e5 11. Qxc4 exd4 12. Nxd4 Ne5 13. Qe2 a6 14. f4 Ned7 15. Kh1 c5 16. Nc2 Nb6 17. e4 Bg4 18. Qf2 Nfd7 19. Ne3 Bd4 20.
Qc2 Be6 21. a5 Nc4 22. Ncd5 Nxe3 23. Bxe3 Qd8 24. Bxd4 cxd4 25.
Qd3 Nc5 26. Qxd4 Nb3 27. Qc3 Bxd5 28. Rad1 Qxa5 29. Qxa5 Nxa5 30. Rxd5 Nc4 31. Rc1 b5 32. Rd7 Nxb2 33. e5 Rac8 34. Rcc7 a5 35. h3 Rxc7 36. Rxc7 a4 37. Bc6 b4 38. Rb7 a3 39. Bd5 Nd3 40.
Bc4 Rd8 41. Kg2 Rd4 1-0

[Event "FIDE Women World Blitz 2021"]
[Site "Warsaw"]
[Date "2021.12.29"]
[Round "9.36"]
[White "Zawadzka, Jolanta"]
[Black "Kurmangaliyeva, Liya"]
[Result "0-1"]
[ECO "B33"]
[WhiteElo "2429"]
[BlackElo "2222"]
[Annotator "NA"]
[PlyCount "170"]
[EventDate "2021.12.29"]
[EventType "swiss"]
[EventCountry "POL"]
[Tiebreak "Cut1 Buchholz"]
[SourceTitle "playchess.com"]
[Source "ChessBase"]
[SourceQuality "1"]
[TimeControl "180+2"]

1. e4 c5 2. Nf3 Nc6 3. d4 cxd4 4. Nxd4 Nf6 5. Nc3 e5 6.
Ndb5 d6 7. Na3 a6 8. Nc4 Be6 9. Ne3 Be7 10. Bd3 O-O 11. O-O Rc8 12. a3 b5 13. Ncd5 Na5 14. Qe2 Nb7 15. c3 Nc5 16. Bc2 Ncxe4 17. Nxf6+ Nxf6 18. Nf5 Bc4 19. Bd3 Qd7 20. Bxc4 Rxc4 21. Ne3 Rcc8 22. Rd1 Qe6 23. Qf3 Rfd8 24. Nf5 Bf8 25. Bg5 d5 26. Nh6+ Kh8 27. Bxf6 gxf6 28. Nf5 Bc5 29. Qh5 Rg8 30. Nh6 Rg7 31. g3 Rg6 32. Rd2 Bf8 33. Nxf7+ Qxf7 34. Qf5 Rd8 35. Rad1 Rg5 36. Qd3 Rg8 37. a4 Bh6 38. Re2 d4 39. axb5 axb5 40. Qxb5 dxc3 41. Rxd8 Rxd8 42. bxc3 Qd5 43. Qa6 Qd1+ 44. Kg2 Qd5+ 45. Kg1 Qd6 46. Qa2 Rc8 47. c4 Qc6 48. Rc2 Bf8 49. Qb3 Bc5 50. h4 Bd4 51. Qd3 Rb8 52. Kh2 Rb1 53.
f3 Re1 54. Qf5 Rf1 55. Ra2 Rxf3 56. Qh5 Rf2+ 57. Rxf2 Bxf2 58. Qf5 Bd4 59. h5 Qxc4 60. Qxf6+ Kg8 61. Qd8+ Kg7 62. Qe7+ Qf7 63. Qg5+ Kf8 64. Qd8+ Qe8 65. Qf6+ Kg8 66. Qg5+ Kf7 67. Qf5+ Ke7 68. Qxh7+ Qf7 69. Qh6 Qf2+ 70. Kh3 Qf1+ 71. Kg4 Qe2+ 72. Kh3 Qf1+ 73. Kg4 Qf6 74. Qh7+ Ke6 75. Qg8+ Qf7 76. Qc8+ Kf6 77. Qf5+ Kg7 78. Qg5+ Kh7 79. Kh4 e4 80. Qd2 Bf6+ 81. Kg4 Qe6+ 82. Kf4 Qe5+ 83. Kg4 Qe6+ 84. Kf4 Bg5+ 85. Kxg5 Qh6+ 0-1

[Event "FIDE Women World Blitz 2021"]
[Site "Warsaw"]
[Date "2021.12.29"]
[Round "9.37"]
[White "Wikar, Martyna"]
[Black "Doluhanova, Evgeniya"]
[Result "1-0"]
[ECO "C50"]
[WhiteElo "1899"]
[BlackElo "2237"]
[Annotator "NA"]
[PlyCount "53"]
[EventDate "2021.12.29"]
[EventType "swiss"]
[EventCountry "POL"]
[Tiebreak "Cut1 Buchholz"]
[SourceTitle "playchess.com"]
[Source "ChessBase"]
[SourceQuality "1"]
[TimeControl "180+2"]

1. e4 e5 2. Nf3 Nc6 3. Bc4 Bc5 4. d3 Nf6 5. O-O h6 6. Bb3 O-O 7. Nxe5 Nxe5 8. d4 Nxe4 9. dxe5 d6 10. Qe2 Bf5 11. Bd5 Ng5 12. Bxb7 Rb8 13.
Bc6 Rb6 14. Ba4 Rb4 15. Nc3 Bd4 16. Bb3 Bxe5 17. f4 Bd4+ 18.
Kh1 Re8 19. Qh5 Rxb3 20. axb3 Bg6 21. Qg4 Ne4 22. Nxe4 Rxe4 23. Bd2 Bxb2 24. Rae1 Qe7 25. Qf3 Bf6 26. f5 Bxf5 27. Qxf5 1-0

[Event "FIDE Women World Blitz 2021"]
[Site "Warsaw"]
[Date "2021.12.29"]
[Round "9.38"]
[White "Utiatskaja, Irina"]
[Black "Fernandez, Maria Florencia"]
[Result "0-1"]
[ECO "B07"]
[WhiteElo "2184"]
[BlackElo "2184"]
[Annotator "NA"]
[PlyCount "50"]
[EventDate "2021.12.29"]
[EventType "swiss"]
[EventCountry "POL"]
[Tiebreak "Cut1 Buchholz"]
[SourceTitle "playchess.com"]
[Source "ChessBase"]
[SourceQuality "1"]
[TimeControl "180+2"]

1. e4 d6 2. d4 Nf6 3. Nc3 g6 4. Be3 Bg7 5. f3 c6 6. Qd2 b5 7. Bd3 Nbd7 8. O-O-O b4 9. Nce2 a5 10. Kb1 Qc7 11. h3 c5 12. dxc5 Nxc5 13. Bb5+ Bd7 14. Nd4 Rb8 15. Bxd7+ Nfxd7 16. Bh6 Bxh6 17. Qxh6 Na4 18. Qg7 Rf8 19. Ka1 Ne5 20. Nge2 Nxb2 21. Kxb2 a4 22. Qh6 Nc4+ 23. Ka1 b3 24. cxb3 axb3 25. Qc1 b2+ 0-1

[Event "FIDE Women World Blitz 2021"]
[Site "Warsaw"]
[Date "2021.12.29"]
[Round "9.39"]
[White "Bartel, Marta"]
[Black "Pavlidou, Ekaterini"]
[Result "0-1"]
[ECO "D03"]
[WhiteElo "2192"]
[BlackElo "2177"]
[Annotator "NA"]
[PlyCount "52"]
[EventDate "2021.12.29"]
[EventType "swiss"]
[EventCountry "POL"]
[Tiebreak "Cut1 Buchholz"]
[SourceTitle "playchess.com"]
[Source "ChessBase"]
[SourceQuality "1"]
[TimeControl "180+2"]

1. d4 Nf6 2. Nf3 e6 3. Bg5 d5 4. e3 c6 5. Be2 Nbd7 6. O-O Be7 7. c4 h6 8. Bh4 Ne4 9. Bxe7 Qxe7 10. Nbd2 f5 11. Qc2 O-O 12. Rab1 a5 13.
b3 g5 14. Ne1 e5 15. cxd5 cxd5 16. dxe5 Nxe5 17. Nd3 Ng6 18.
Rbc1 Be6 19. Nc5 Rac8 20. Ndxe4 fxe4 21. Bh5 Nh4 22. g3 Nf5 23. f3 Nxe3 24. Qb2 Nxf1 25. Nxe6 Rxc1 26. Qxc1 Qxe6 0-1

[Event "FIDE Women World Blitz 2021"]
[Site "Warsaw"]
[Date "2021.12.30"]
[Round "10.1"]
[White "Vaishali R"]
[Black "Assaubayeva, Bibisara"]
[Result "0-1"]
[ECO "B30"]
[WhiteElo "2405"]
[BlackElo "2400"]
[Annotator "NA"]
[PlyCount "90"]
[EventDate "2021.12.29"]
[EventType "swiss"]
[EventCountry "POL"]
[Tiebreak "Cut1 Buchholz"]
[SourceTitle "playchess.com"]
[Source "ChessBase"]
[SourceQuality "1"]
[TimeControl "180+2"]

1. e4 c5 2. Nc3 Nc6 3. Nf3 e5 4. Bc4 d6 5. d3 Be7 6. O-O Nf6 7. Ng5 O-O 8. f4 h6 9. Nf3 exf4 10. Bxf4 Be6 11. Nd5 Bxd5 12. Bxd5 Nxd5 13. exd5 Nd4 14. c3 Nf5 15. Qb3 Qd7 16. Rae1 Bf6 17. Re4 Rfe8 18. Rfe1 Re7 19. a4 Rae8 20. Qb5 Qd8 21. Qxb7 g5 22. Rxe7 Bxe7 23. Bg3 g4 24. Nd2 Bg5 25. Ne4 Nxg3 26. hxg3 f5 27. Qxa7 fxe4 28. dxe4 Qf6 29. Qd7 Rf8 30. Kh2 h5 31. e5 dxe5 32. Qe6+ Qxe6 33. dxe6 Bf6 34. b4 cxb4 35. cxb4 Ra8 36. a5 Kf8 37. Rf1 Ke7 38. Rf5 Kxe6 39. Rxh5 Rb8 40. a6 Rxb4 41. Rh7 Ra4 42. a7 e4 43. Rb7 Bd4 44. Rb1 Rxa7 45. Re1 Rh7# 0-1

[Event "FIDE Women World Blitz 2021"]
[Site "Warsaw"]
[Date "2021.12.30"]
[Round "10.1"]
[White "Doluhanova, Evgeniya"]
[Black "Dylag, Emilia"]
[Result "1/2-1/2"]
[ECO "A13"]
[WhiteElo "2237"]
[BlackElo "1863"]
[Annotator "ChessBase"]
[PlyCount "180"]
[EventDate "2021.12.29"]
[EventType "swiss"]
[EventCountry "POL"]
[Tiebreak "Cut1 Buchholz"]
[SourceTitle "playchess.com"]
[Source "ChessBase"]
[SourceQuality "1"]
[TimeControl "180+2"]

1. Nf3 d5 2. b3 Nf6 3. Bb2 e6 4. e3 Be7 5. c4 O-O 6. Be2 c5 7. O-O dxc4 8. bxc4 Nc6 9. d4 b6 10. Nc3 cxd4 11. exd4 Bb7 12. Rc1 Rc8 13. Bd3 Na5 14. Nb1 Qc7 15. Nbd2 Rfd8 16. h3 h6 17. Qe2 Nh5 18. Qe3 Qf4 19. Rfe1 Qxe3 20. fxe3 Bb4 21. a3 Be7 22. Ne5 Bd6 23. Nef3 Bg3 24. Red1 Nf6 25. Nf1 Bb8 26. Bc3 Nc6 27. e4 Bf4 28. Rb1 Ba6 29. d5 Na5 30. Bxa5 bxa5 31. e5 Nd7 32. Re1 Bxc4 33. Bxc4 Rxc4 34. dxe6 fxe6 35. g3 Bg5 36. Nxg5 hxg5 37. Red1 Rcc8 38. Rb5 a4 39. Ra5 Nb6 40. Rxd8+ Rxd8 41. Rxa7 Rd5 42. Ra6 Rb5 43. Nd2 Kf7 44. Nf3 Kg6 45. Nd4 Rd5 46. Rxb6 Rxd4 47. Rxe6+ Kf5 48. Re7 Kg6 49. Ra7 Re4 50. e6 Kf6 51. e7 Rxe7 52. Rxa4 Re2 53. Ra5 Ra2 54. a4 Kg6 55. g4 Kh6 56. Ra6+ Kh7 57. a5 Kg8 58. Ra8+ Kh7 59. a6 Kg6 60. a7 Kh7 61. Kf1 Ra1+ 62. Ke2 Ra2+ 63. Ke3 Ra3+ 64. Ke4 Ra4+ 65. Kf5 Ra5+ 66. Ke6 Ra6+ 67. Kd7 Ra2 68. Kc6 Ra1 69. Kd5 Ra5+ 70. Ke6 Ra6+ 71. Kf7 Ra3 72. Re8 Rxa7+ 73. Re7 Ra3 74. Re5 Rxh3 75. Rxg5 Kh8 76. Rxg7 Rf3+ 77. Kg6 Rg3 78. Rh7+ Kg8 79. Rh4 Ra3 80. g5 Ra6+ 81. Kh5 Ra5 82. Kh6 Ra8 83. g6 Rb8 84. Rd4 Rc8 85. Rd6 Rb8 86. g7 Ra8 87. Kg6 Rb8 88.
Rf6 Ra8 89. Re6 Rb8 90. Rf6 Ra8 1/2-1/2

[Event "FIDE Women World Blitz 2021"]
[Site "Warsaw"]
[Date "2021.12.30"]
[Round "10.2"]
[White "Kosteniuk, Alexandra"]
[Black "Koneru, Humpy"]
[Result "0-1"]
[ECO "C70"]
[WhiteElo "2518"]
[BlackElo "2586"]
[Annotator "ChessBase"]
[PlyCount "82"]
[EventDate "2021.12.29"]
[EventType "swiss"]
[EventCountry "POL"]
[Tiebreak "Cut1 Buchholz"]
[SourceTitle "playchess.com"]
[Source "ChessBase"]
[SourceQuality "1"]
[TimeControl "180+2"]

1. e4 e5 2. Nf3 Nc6 3. Bb5 a6 4. Ba4 Bc5 5. d3 Nge7 6. Nc3 O-O 7. O-O d6 8. a3 Bg4 9. h3 Bxf3 10. Qxf3 b5 11. Bb3 Nd4 12. Qg3 a5 13.
Bh6 Ng6 14. Bg5 Qd7 15. Kh1 a4 16. Ba2 Nxc2 17. Rac1 Nd4 18. h4 Nb3 19. Bxb3 axb3 20. h5 Nf4 21. Bxf4 exf4 22. Qxf4 f5 23.
e5 Qf7 24. d4 Qxh5+ 25. Kg1 dxe5 26. dxe5 g5 27. Qh2 Qxh2+ 28. Kxh2 Bd4 29. e6 c6 30. Rfe1 Rae8 31. Rcd1 Bxf2 32. Re2 Bc5 33. Re5 Bb6 34. g3 Rf6 35. e7 Kf7 36. Rd7 Re6 37. Rxe6 Kxe6 38. Rd3 Rxe7 39. Nd1 Kf6 40. Rxb3 Re2+ 41. Kh3 g4+ 0-1

[Event "FIDE Women World Blitz 2021"]
[Site "Warsaw"]
[Date "2021.12.30"]
[Round "10.2"]
[White "Semenova, Elena"]
[Black "Ovod, Evgenija"]
[Result "1-0"]
[ECO "C49"]
[WhiteElo "2233"]
[BlackElo "2366"]
[Annotator "NA"]
[PlyCount "99"]
[EventDate "2021.12.29"]
[EventType "swiss"]
[EventCountry "POL"]
[Tiebreak "Cut1 Buchholz"]
[SourceTitle "playchess.com"]
[Source "ChessBase"]
[SourceQuality "1"]
[TimeControl "180+2"]

1. e4 e5 2. Nf3 Nc6 3. Nc3 Nf6 4. Bb5 Bb4 5. O-O O-O 6. d3 Bxc3 7. bxc3 d6 8. Bg5 Bd7 9. Rb1 Rb8 10. Re1 a6 11. Bc4 Na5 12.
Nd2 b5 13. Bb3 Nxb3 14. axb3 a5 15. c4 b4 16. Ra1 Ra8 17.
Nf1 Qe7 18. Ne3 Qe6 19. Nf5 h6 20. Bh4 Kh7 21. d4 exd4 22.
Qxd4 Ne8 23. h3 g6 24. Ne3 g5 25. Bg3 Ng7 26. e5 dxe5 27. Qxe5 Qxe5 28. Bxe5 c6 29. c5 Ne6 30. Nc4 Nxc5 31. Bd6 Ne6 32. Bxf8 Rxf8 33. Rxa5 Nd4 34. Ne3 Be6 35. Rd1 Ne2+ 36. Kf1 Nc3 37. Rd6 Rc8 38. h4 Kg6 39. f3 c5 40. Nc4 gxh4 41. Ne5+ Kf5 42. Nd3 Kf6 43. Nxc5 h3 44. gxh3 Ke7 45. Rb6 Bxh3+ 46. Kf2 Bf5 47. Ra7+ Kf8 48. Nd7+ Kg7 49. Ne5 Bg6 50. Rxg6+ 1-0

[Event "FIDE Women World Blitz 2021"]
[Site "Warsaw"]
[Date "2021.12.30"]
[Round "10.3"]
[White "Gunina, Valentina"]
[Black "Abdumalik, Zhansaya"]
[Result "1-0"]
[ECO "D80"]
[WhiteElo "2480"]
[BlackElo "2507"]
[Annotator "ChessBase"]
[PlyCount "109"]
[EventDate "2021.12.29"]
[EventType "swiss"]
[EventCountry "POL"]
[Tiebreak "Cut1 Buchholz"]
[SourceTitle "playchess.com"]
[Source "ChessBase"]
[SourceQuality "1"]
[TimeControl "180+2"]

1. d4 Nf6 2. c4 g6 3. Nc3 d5 4. Nf3 Bg7 5. Bg5 Ne4 6. Bf4 Nxc3 7. bxc3 O-O 8.
e3 c5 9. cxd5 Qxd5 10. Be2 cxd4 11. cxd4 Qa5+ 12. Qd2 Qxd2+ 13.
Kxd2 Nc6 14. Rhc1 Rd8 15. Ke1 Bf5 16. h3 Nb4 17. Kd2 Be4 18.
a3 Nc6 19. Ke1 Rac8 20. g4 Bxf3 21. Bxf3 e5 22. Bxc6 exf4 23. Bxb7 Rb8 24. Rc7 fxe3 25. fxe3 Re8 26. Kf2 Bh6 27. e4 Bg7 28. Rd1 Red8 29. Bd5 Rb2+ 30. Kf3 Kh8 31. Rxa7 f5 32. gxf5 gxf5 33. exf5 Rxd5 34. Ra8+ Bf8 35. Rxf8+ Kg7 36. Ke4 Ra5 37. Rd8 Re2+ 38. Kf3 Rc2 39. Rg1+ Kf6 40. Rf8+ Ke7 41. Rh8 Rxa3+ 42. Kg4 Rd2 43. Rxh7+ Kd6 44. Rh6+ Kd5 45. Rh8 Rxd4+ 46.
Kg5 Rb4 47. Rd8+ Kc6 48. h4 Rf3 49. f6 Rbf4 50. Rf8 Rf5+ 51. Kg6 R5f4 52. f7 Rxh4 53. Rc8+ Kd7 54. f8=Q Rxf8 55. Rxf8 1-0

[Event "FIDE Women World Blitz 2021"]
[Site "Warsaw"]
[Date "2021.12.30"]
[Round "10.3"]
[White "Parol, Pola"]
[Black "Nur-Mukhametova, Alisa"]
[Result "0-1"]
[ECO "B81"]
[WhiteElo "1823"]
[BlackElo "2225"]
[Annotator "NA"]
[PlyCount "94"]
[EventDate "2021.12.29"]
[EventType "swiss"]
[EventCountry "POL"]
[Tiebreak "Cut1 Buchholz"]
[SourceTitle "playchess.com"]
[Source "ChessBase"]
[SourceQuality "1"]
[TimeControl "180+2"]

1. e4 c5 2. Nf3 e6 3. d4 cxd4 4. Nxd4 Nf6 5. Nc3 d6 6. g4 h6 7. Rg1 Nc6 8. Be3 a6 9. Qe2 Nxd4 10. Bxd4 e5 11. Be3 Be6 12. O-O-O b5 13.
h4 Qa5 14. Kb1 b4 15. Nd5 Nxd5 16. exd5 Bxd5 17. b3 Be6 18. Bg2 Rc8 19. f4 Be7 20. f5 Bd7 21. g5 hxg5 22. hxg5 Bb5 23. Qg4 Qc7 24. Rc1 Qc3 25. f6 Bd7 26. Qf3 Bf8 27. fxg7 Bxg7 28. Rgf1 Be6 29. Qe2 e4 30. Rf6 Bxf6 31. gxf6 Qxf6 32. Bxe4 Qc3 33. Re1 Kd7 34. Bd3 Qc6 35. Bc1 Ra8 36. Qe3 Qc5 37. Qg3 Rac8 38. Qg7 Rhg8 39. Qf6 Rgf8 40. Bg5 Rfe8 41. Qf2 Qxf2 42. Rc1 Qc5 43. Bd2 a5 44. Rh1 Rh8 45. Rf1 Rhg8 46. Kb2 Rg1 47. Rf4 Qe5+ 0-1

[Event "FIDE Women World Blitz 2021"]
[Site "Warsaw"]
[Date "2021.12.30"]
[Round "10.4"]
[White "Stefanova, Antoaneta"]
[Black "Shuvalova, Polina"]
[Result "1/2-1/2"]
[ECO "A14"]
[WhiteElo "2475"]
[BlackElo "2515"]
[Annotator "ChessBase"]
[PlyCount "157"]
[EventDate "2021.12.29"]
[EventType "swiss"]
[EventCountry "POL"]
[Tiebreak "Cut1 Buchholz"]
[SourceTitle "playchess.com"]
[Source "ChessBase"]
[SourceQuality "1"]
[TimeControl "180+2"]

1. Nf3 Nf6 2. g3 d5 3. Bg2 e6 4. O-O Be7 5. c4 O-O 6. b3 b6 7. Bb2 Bb7 8. cxd5 Nxd5 9. d4 Nd7 10. e4 N5f6 11. e5 Nd5 12. Nbd2 c5 13.
Nc4 Rc8 14. Rc1 b5 15. Nd6 Bxd6 16. exd6 c4 17. bxc4 bxc4 18. Ne5 c3 19. Ba3 f6 20. Nd3 Qa5 21. Bc5 Rfe8 22. Qb3 Bc6 23. Rfe1 Rb8 24. Qa3 Qxa3 25. Bxa3 Kf7 26. Bxd5 Bxd5 27. Rxc3 Rec8 28. Rc7 Rxc7 29. dxc7 Rc8 30. Bd6 Nb6 31. g4 Ke8 32. Nc5 Nc4 33. Bg3 Ke7 34. Rb1 Nd6 35. Na6 Bc4 36. Nc5 Bd5 37. Na6 Bc4 38. Nc5 Bxa2 39. Ra1 Bd5 40. Rxa7 Nb5 41. Ra1 Nd6 42. Na6 Bb7 43. Nc5 Bd5 44. Na6 Bc4 45. Nc5 Bd5 46. Na6 h5 47. h3 hxg4 48. hxg4 Bc4 49. Nc5 Bd5 50. Na6 Ne4 51. Bf4 g5 52. Be3 Bc4 53. Nc5 Nxc5 54. dxc5 Rxc7 55. f3 Bd5 56. Kf2 Rb7 57. c6 Rb2+ 58. Kg3 Bxc6 59. Ra7+ Kd6 60. Ra3 Rc2 61. f4 Rg2+ 62. Kh3 Re2 63. fxg5 fxg5 64. Bxg5 e5 65. Rd3+ Ke6 66. Rd2 Re1 67. Rc2 Bd5 68. Rb2 Rh1+ 69. Kg3 Rd1 70. Rb6+ Kf7 71. Be3 Rd3 72. Kf2 Ra3 73. g5 Kg7 74. Rd6 Bf7 75. Bd2 Ra2 76. Ke3 Ra3+ 77. Rd3 Rxd3+ 78. Kxd3 e4+ 79. Kxe4 1/2-1/2